AoeStats
← dganb7092

Arabia

503136289Analyzed
4v4 RM · 2mo ago on Aug 30, 2026· 53m 3s· 8 players
Game mode
Random Map
Map size
Large (8 player)
Population
200
Speed
Normal
Resources
Standard
Victory
Conquest
Starting age
Dark Age
Ending age
Imperial Age
RankedLock teamsTeams togetherTeam positionsShared explorationLock speedFull tech treeHidden civsTurbo modeCheats
Victory
Defeat
🇨🇳 Khmer · China
928
+11
🇬🇧 Italians · United Kingdom
900
+12
🇨🇭 Franks · Switzerland
782
+18
🇩🇪 Burgundians · Germany
742
+20
vs
🇪🇸 Magyars · Spain
844
-16
🇨🇳 Franks · China
839
-16
🇨🇳 Turks · China
829
-16
🇨🇳 Mongols · China
770
-13
715113342
0:36 Loom
12:15 Feudal Age
18:13 Castle Age
YellowyGnu8986
0:59 Loom
12:05 Feudal Age
13:53 Wheelbarrow
13:00 Horse Collar
13:09 Double-Bit Axe
18:23 Castle Age
16:17 Gold Mining
17:26 Stone Mining
18:01 Town Watch
19:57 Hand Cart
30:07 Gold Shaft Mining
31:37 Forging
31:18 Fletching
31:28 Padded Archer Armor
35:01 Imperial Age
33:28 Iron Casting
32:49 Bodkin Arrow
34:48 Squires
34:34 Arson
35:12 Leather Archer Armor
35:06 Thumb Ring
36:14 Conscription
35:55 Artillery
36:17 Bow Saw
38:20 Blast Furnace
37:21 Bracer
37:52 Ring Archer Armor
春天里的老人
0:31 Loom
11:25 Feudal Age
15:32 Castle Age
14:42 Double-Bit Axe
19:46 Fletching
30:39 Pikeman
35:00 Scale Mail Armor
35:12 Forging
36:11 Chain Mail Armor
38:33 Bodkin Arrow
40:18 Bodkin Arrow
41:15 Gold Mining
41:47 Stone Mining
52:56 Imperial Age
53:01 Iron Casting
dganb7092
12:07 Feudal Age
12:33 Double-Bit Axe
12:31 Horse Collar
20:14 Stone Mining
22:27 Castle Age
21:57 Gold Mining
25:29 Heavy Plow
25:41 Bow Saw
26:12 Gold Shaft Mining
30:44 Imperial Age
29:05 Corvinian Army
32:36 Wheelbarrow
32:53 Scale Barding Armor
32:49 Padded Archer Armor
32:41 Fletching
32:51 Elite Magyar Huszar
35:16 Chemistry
34:46 Ballistics
35:28 Crop Rotation
36:10 Recurve Bow
37:03 Chain Barding Armor
37:08 Leather Archer Armor
37:02 Bodkin Arrow
中国人万岁
10:37 Feudal Age
12:51 Horse Collar
17:04 Forging
17:48 Scale Barding Armor
19:38 Bloodlines
19:18 Loom
23:37 Castle Age
21:26 Double-Bit Axe
24:51 Husbandry
24:12 Light Cavalry
27:09 Iron Casting
26:55 Chain Barding Armor
26:51 Heavy Plow
27:29 Bow Saw
28:19 Wheelbarrow
29:56 Gold Mining
30:58 Stone Mining
31:31 Town Watch
32:02 Hand Cart
32:05 Masonry
32:26 Fletching
36:12 Imperial Age
36:33 Hussar
37:48 Conscription
38:19 Crop Rotation
40:04 Chemistry
39:38 Architecture
41:11 Blast Furnace
40:47 Plate Barding Armor
40:28 Elite Ballista Elephant
42:25 Double Crossbow
Internet User
0:30 Loom
10:56 Feudal Age
12:34 Wheelbarrow
11:50 Double-Bit Axe
19:01 Gold Mining
21:23 Castle Age
21:13 Stone Mining
26:45 #83
26:40 Husbandry
35:49 Forging
35:45 Scale Barding Armor
35:42 Scale Mail Armor
45:50 Light Cavalry
49:02 Gold Shaft Mining
52:43 Imperial Age
Evilwoo
4:13 Loom
11:19 Feudal Age
12:23 Double-Bit Axe
12:21 Horse Collar
18:23 Castle Age
17:25 Wheelbarrow
19:08 Fletching
18:40 Crossbowman
20:59 Bow Saw
20:59 Heavy Plow
22:01 Bow Saw
24:23 Gold Mining
25:21 Padded Archer Armor
34:03 Imperial Age
33:01 Hand Cart
32:38 Town Watch
33:25 Ballistics
33:14 Scale Barding Armor
33:05 Bodkin Arrow
33:26 Leather Archer Armor
34:08 Husbandry
34:19 Bloodlines
33:31 Light Cavalry
35:58 Chemistry
34:39 Treadmill Crane
35:15 Forging
35:32 Conscription
38:19 Bracer
38:51 Ring Archer Armor
38:31 Thumb Ring
38:32 Stone Mining
40:18 Two-Man Saw
39:32 Elite Genoese Crossbowman
40:51 Hoardings
41:23 Crop Rotation
41:21 Chain Barding Armor
41:40 Iron Casting
43:06 Caravan
44:58 Masonry
45:02 Fortified Wall
44:56 Squires
45:37 Plate Barding Armor
46:03 Blast Furnace
45:04 Scale Mail Armor
46:12 Silk Road
49:38 Hussar
54:10 Architecture
53:37 Murder Holes
Señor_Bingus
2:14 Loom
11:29 Feudal Age
10:16 Horse Collar
16:22 Forging
16:16 Scale Mail Armor
32:44 Castle Age
31:03 Scale Barding Armor
31:39 Double-Bit Axe
31:57 Heavy Plow
33:38 Light Cavalry
38:39 Chain Barding Armor
39:02 Iron Casting
38:50 Husbandry
38:15 Cavalier
51:39 Chain Barding Armor
Connection lost

Rejoining the realm…

Still unreachable

The connection could not be restored.

Session expired

The server has moved on; the page needs a fresh start.